 Dungeon Crawl Stone Soup version 0.20.1-1-g8b1a95d (webtiles) character file.

7986 Nattfarinn the Jinx (level 11, -15/76 HPs)
             Began as a Vampire Enchanter on Aug 2, 2017.
             Was an Elder of Kikubaaqudgha.
             Demolished by an orc warlord (27 damage)
             ... in a bailey.
             The game lasted 00:46:27 (12506 turns).

Nattfarinn the Jinx (Vampire Enchanter)            Turns: 12506, Time: 00:46:27

Health: -15/76     AC:  6    Str:  7    XL:     11   Next: 4%
Magic:  6/14       EV: 12    Int: 21    God:    Kikubaaqudgha [****..]
Gold:   496        SH:  0    Dex: 24    Spells: 4/14 levels left

rFire    . . .     SeeInvis +   P - +11 dagger of Veudopn {pierce, rElec Dex+7}
rCold    . . .     Gourm    .   (no shield)
rNeg     + . .     Faith    .   f - +0 leather armour
rPois    .         Spirit   .   (no helmet)
rElec    +         Reflect  .   k - +2 cloak
rCorr    .         Harm     .   (no gloves)
MR       +....                  (no boots)
Stlth    ++++++....             (no amulet)
Regen    0.3/turn               r - +2 ring of dexterity
MPRegen  0.2/turn               U - ring of stealth

@: very slightly contaminated
A: fangs 3, see invisible, unbreathing
a: Bat Form, Receive Corpses, Renounce Religion


You were in a bailey.
You worshipped Kikubaaqudgha.
Kikubaaqudgha was greatly pleased with you.
You were not thirsty.

You visited 2 branches of the dungeon, and saw 11 of its levels.
You also visited: Bailey.

You collected 586 gold pieces.
You spent 90 gold pieces at shops.

Inventory:

Hand Weapons
 a - a +1 dagger
 m - a +0 short sword
 n - a +0 falchion
 s - a +0 blowgun
 x - a +0 rapier
 y - a +0 whip of electrocution
 P - the +11 dagger of Veudopn (weapon) {pierce, rElec Dex+7}
   (You found it on level 8 of the Dungeon)

   It inflicts extra damage upon your enemies.
   It affects your dexterity (+7).
   It insulates you from electricity.
Missiles
 j - 26 poisoned needles
 I - 8 needles of confusion
Armour
 b - a +0 robe
 e - a +1 cloak
 f - a +0 leather armour (worn)
 k - a +2 cloak (worn)
 D - a +1 chain mail of fire resistance
 E - a +2 scale mail of fire resistance
 F - a +2 ring mail of fire resistance
Jewellery
 r - a +2 ring of dexterity (left hand)
 U - a ring of stealth (right hand)
Wands
 d - a wand of flame (23/48)
 v - a wand of acid (8/15)
 A - a wand of lightning (10/15)
 C - a wand of lightning (5/15)
 G - a wand of confusion (18/48)
Scrolls
 h - a scroll of random uselessness
 i - 6 scrolls of fear
 l - 2 scrolls of immolation
 o - 3 scrolls of amnesia
 p - 4 scrolls of remove curse
 u - 4 scrolls of teleportation
 H - 2 scrolls of recharging {unknown}
 J - a scroll of noise {unknown}
 K - a scroll of vulnerability {unknown}
 M - 2 scrolls of identify
 Q - a scroll of holy word {unknown}
 S - a scroll of acquirement {unknown}
 W - 2 scrolls of enchant weapon {unknown}
Potions
 g - 3 potions of magic
 t - a potion of cancellation {unknown}
 w - 2 potions of haste {unknown}
 z - 4 potions of curing
 B - 2 potions of lignification {unknown}
 O - 10 potions of degeneration
 R - 2 potions of might
 T - a potion of mutation {unknown}
 Y - a potion of experience {unknown}
Books
 c - a book of Maledictions

   Spells                             Type                      Level
   a - Corona                         Hexes                        1
   b - Ensorcelled Hibernation        Hexes/Ice                    2
   c - Confuse                        Hexes                        3
   d - Tukima's Dance                 Hexes                        3
   e - Dazzling Spray                 Conjuration/Hexes            3
 L - Kikubaaqudgha's Incunabulum of Stolen Souls
   (Kikubaaqudgha gifted it to you on level 7 of the Dungeon)

   Spells                             Type                      Level
   a - Animate Skeleton               Necromancy                   1
   b - Corpse Rot                     Necromancy                   2
   c - Sublimation of Blood           Necromancy                   2
   d - Vampiric Draining              Necromancy                   3
   e - Control Undead                 Necromancy                   4
 V - a book of Conjurations

   Spells                             Type                      Level
   a - Magic Dart                     Conjuration                  1
   b - Searing Ray                    Conjuration                  2
   c - Dazzling Spray                 Conjuration/Hexes            3
   d - Fulminant Prism                Conjuration/Hexes            4
   e - Force Lance                    Conjuration/Translocation    4
   f - Iskenderun's Mystic Blast      Conjuration                  4
 X - Kikubaaqudgha's Disquisition on Darkness
   (Kikubaaqudgha gifted it to you in a bailey)

   Spells                             Type                      Level
   a - Animate Dead                   Necromancy                   4
   b - Excruciating Wounds            Charms/Necromancy            5
   c - Bolt of Draining               Conjuration/Necromancy       5
   d - Dispel Undead                  Necromancy                   5
   e - Death Channel                  Necromancy                   6


   Skills:
 * Level 3.9 Fighting
 + Level 10.8 Short Blades
 - Level 0.2(6.2) Long Blades
 - Level 2.1 Dodging
 + Level 12.3 Stealth
 - Level 2.0 Spellcasting
 * Level 13.9 Hexes
 * Level 4.4 Necromancy


You had 4 spell levels left.
You knew the following spells:

 Your Spells              Type           Power        Failure   Level  Hunger
a - Corona                Hex            ######.      1%          1    #......
b - Confuse               Hex            ######..     1%          3    ###....
c - Tukima's Dance        Hex            ######..     1%          3    ###....
d - Vampiric Draining     Necr           ###.......   11%         3    ###....


Dungeon Overview and Level Annotations

Branches:
Dungeon (10/15)            Temple (1/1) D:5             Orc (0/2) D:9
   Lair: D:8-11

Altars:
Cheibriados
Kikubaaqudgha
Makhleb
Nemelex Xobeh
Okawaru
Qazlal
Ru
Trog
Uskayaw
Vehumet
Xom
Yredelemnul
Zin
The Shining One

Shops:
D:6 ?


Innate Abilities, Weirdness & Mutations

You have razor-sharp teeth.
You have supernaturally acute eyesight. (SInv)
You can survive without breathing.


Message History

Confirm with . or Enter, or press ? or * to list all spells.
You don't know that spell.
Casting: Confuse
Confirm with . or Enter, or press ? or * to list all spells.
Aiming: Confuse
Press: ? - help, Shift-Dir - straight line, f/p - orc warlord
Aim: an orc warlord, wearing a chain mail (chance to defeat MR: 41%)
You miscast Confuse.
You are very lightly contaminated with residual magic.
Your hands glow momentarily.
The orc warlord hits you.
* * * LOW HITPOINT WARNING * * *
Casting: Confuse
Confirm with . or Enter, or press ? or * to list all spells.
Aiming: Confuse
Press: ? - help, Shift-Dir - straight line, f/p - orc warlord
Aim: an orc warlord, wearing a chain mail (chance to defeat MR: 41%)
The orc warlord resists with some effort.
The orc warlord hits you!!
You die...
Kikubaaqudgha rasps: "You have failed me!
Welcome... oblivion!"

##.........##
#..)..⌠.....#######
##)[(.))...##.....##
.).)...).).').[....#
.##.o..)..##.......##
))#.......#.........#
).##.....##.........##
...#######.....⌠.....#
..## ##.....@...## ..#
#.....o...# .##
##.......## .#
#).)....# ## ##.....##
# ####'## ## ##.....##
.# #.......#
.##.......##.......##


You could see an orc warlord.

Vanquished Creatures
  An unseen horror (D:6)
  2 orc knights (Bailey)
  2 trolls (D:9)
  2 hippogriffs (D:8)
  A wyvern (D:8)
  Duvessa (D:5)
  A swamp drake (D:9)
  12 orc warriors
  3 sky beasts
  3 ice beasts
  5 phantoms
  A slave (D:6)
  4 centaurs
  An ogre (D:3)
  A big kobold (D:9)
  Blork the orc (D:6)
  2 bullfrogs
  Dowan (D:5)
  2 wyvern skeletons (D:8)
  6 scorpions
  5 wights (D:10)
  5 howler monkeys
  3 crimson imps
  3 hounds
  2 jellies
  2 orc priests
  2 bullfrog skeletons
  3 centaur skeletons
  5 worker ants
  7 orc wizards
  A hound zombie (D:9)
  A hound skeleton (D:10)
  A mummy (D:8)
  6 gnolls (Bailey)
  10 adders
  2 oozes (D:3)
  A worm (D:7)
  2 dart slugs
  4 leopard geckos
  54 orcs
  5 bats
  3 giant cockroaches
  23 hobgoblins
  11 jackals
  5 quokkas
  2 ball pythons
  4 frilled lizards
  17 goblins
  2 hobgoblin zombies (D:8)
  A jackal skeleton (D:4)
  13 kobolds
  2 kobold zombies (D:8)
  2 leopard gecko zombies
  7 rats
268 creatures vanquished.

Vanquished Creatures (collateral kills)
  Pikel (D:7)
  Eustachio (D:6)
  An orc warrior (Bailey)
  5 ogres
  A worker ant (D:5)
  An orc wizard (D:8)
  3 gnolls (Bailey)
  2 orcs
  3 goblins (Bailey)
  A hobgoblin (Bailey)
19 creatures vanquished.

Vanquished Creatures (others)
  4 dancing weapons
  A shadow imp (D:7)
  An orc (D:9)
6 creatures vanquished.

Grand Total: 293 creatures vanquished

Notes
Turn   | Place    | Note
-------+----------+-------------------------------------------
     0 | D:1      | Nattfarinn the Vampire Enchanter began the quest for the Orb.
     0 | D:1      | Reached XP level 1. HP: 13/13 MP: 3/3
   500 | D:1      | Reached skill level 5 in Hexes
   510 | D:1      | Reached XP level 2. HP: 14/19 MP: 5/5
  1490 | D:2      | Reached skill level 6 in Hexes
  1490 | D:2      | Reached XP level 3. HP: 20/24 MP: 6/6
  2652 | D:2      | Reached XP level 4. HP: 30/30 MP: 7/7
  2659 | D:2      | Learned a level 3 spell: Confuse
  2663 | D:2      | Learned a level 3 spell: Tukima's Dance
  2806 | D:3      | Found a stormy altar of Qazlal.
  2806 | D:3      | Found a glowing golden altar of the Shining One.
  2811 | D:3      | Reached skill level 7 in Hexes
  3043 | D:3      | Noticed an ogre
  3058 | D:3      | Killed an ogre
  3058 | D:3      | Reached XP level 5. HP: 30/35 MP: 1/8
  3524 | D:3      | Found a sparkling altar of Nemelex Xobeh.
  3744 | D:4      | Noticed an ogre
  3751 | D:4      | Killed an ogre
  3766 | D:4      | Reached XP level 6. HP: 37/41 MP: 1/9
  4318 | D:4      | Reached skill level 5 in Short Blades
  4361 | D:4      | Reached skill level 5 in Stealth
  4387 | D:4      | Reached skill level 8 in Hexes
  4499 | D:4      | Reached XP level 7. HP: 46/46 MP: 6/10
  4698 | D:4      | Found a radiant altar of Vehumet.
  4878 | D:5      | Entered Level 5 of the Dungeon
  5086 | D:5      | Found a shimmering altar of Xom.
  5343 | D:5      | Noticed Duvessa
  5697 | D:5      | Noticed Dowan
  5713 | D:5      | Killed Duvessa
  5713 | D:5      | Reached skill level 9 in Hexes
  5718 | D:5      | Killed Dowan
  5800 | D:5      | Reached XP level 8. HP: 52/52 MP: 4/11
  6215 | D:5      | Found a glowing silver altar of Zin.
  6217 | D:5      | Found Zin's Purification Station.
  6221 | D:5      | Bought a potion of curing for 90 gold pieces
  6478 | D:5      | Found a faded altar of an unknown god.
  6480 | D:5      | Found a staircase to the Ecumenical Temple.
  6491 | Temple   | Entered the Ecumenical Temple
  6523 | Temple   | Became a worshipper of Kikubaaqudgha
  6696 | D:6      | Reached skill level 10 in Hexes
  6710 | D:6      | Noticed Eustachio
  6730 | D:6      | Killed Eustachio
  7138 | D:6      | Noticed Blork the orc
  7300 | D:6      | Killed Blork the orc
  7755 | D:6      | Found Gajitw Alie's Magic Scroll Shop.
  7827 | D:6      | Reached XP level 9. HP: 51/57 MP: 12/12
  7952 | D:6      | Noticed an unseen horror
  8092 | D:6      | Killed an unseen horror
  8092 | D:6      | Reached skill level 11 in Hexes
  8276 | D:7      | Reached skill level 10 in Short Blades
  8518 | D:7      | Noticed Pikel
  8602 | D:7      | Killed Pikel
  8736 | D:7      | Found a snail-covered altar of Cheibriados.
  8972 | D:7      | Reached * piety under Kikubaaqudgha
  8972 | D:7      | Identified Kikubaaqudgha's Incunabulum of Stolen Souls (Kikubaaqudgha gifted it to you on level 7 of the Dungeon)
  8972 | D:7      | Received a gift from Kikubaaqudgha
  8978 | D:7      | Learned a level 3 spell: Vampiric Draining
  9081 | D:8      | Reached skill level 1 in Necromancy
  9164 | D:8      | Reached skill level 1 in Fighting
  9164 | D:8      | Reached skill level 12 in Hexes
  9182 | D:8      | Found a snail-covered altar of Cheibriados.
  9227 | D:8      | Got an ichor-stained dagger
  9228 | D:8      | Identified the +11 dagger of Veudopn {pierce, rElec Dex+7} (You found it on level 8 of the Dungeon)
  9281 | D:8      | Reached skill level 10 in Stealth
  9412 | D:8      | Reached XP level 10. HP: 62/66 MP: 13/13
  9414 | D:8      | Found a burning altar of Makhleb.
 10436 | D:9      | Reached ** piety under Kikubaaqudgha
 10894 | D:9      | Found a staircase to the Orcish Mines.
 11010 | D:9      | Reached skill level 13 in Hexes
 11152 | D:10     | Entered Level 10 of the Dungeon
 11482 | D:10     | Found a flagged portal.
 11494 | Bailey   | Entered a bailey
 11534 | Bailey   | Reached *** piety under Kikubaaqudgha
 11534 | Bailey   | Identified Kikubaaqudgha's Disquisition on Darkness (Kikubaaqudgha gifted it to you in a bailey)
 11534 | Bailey   | Received a gift from Kikubaaqudgha
 11975 | Bailey   | Noticed an orc warlord
 12012 | Bailey   | Noticed an orc knight
 12107 | Bailey   | Noticed an orc knight
 12131 | Bailey   | Reached **** piety under Kikubaaqudgha
 12210 | Bailey   | Killed an orc knight
 12323 | Bailey   | Noticed an orc knight
 12340 | Bailey   | Killed an orc knight
 12340 | Bailey   | Reached XP level 11. HP: 76/76 MP: 8/14
 12506 | Bailey   | Demolished by an orc warlord

Skill      XL: |  1  2  3  4  5  6  7  8  9 10 |
---------------+-------------------------------+-----
Hexes          | 5 6 7 8 9 10 12 13 | 13.9
Short Blades   | 3 4 5 7 9 10 | 10.8
Stealth        | 5 6 7 10 12 | 12.3
Necromancy     | 2 4 |  4.4
Fighting       | 1 3 |  3.9
Long Blades    | |  0.2
Dodging        | |  2.1
Spellcasting   | |  2.0

Action                   |  1- 3 |  4- 6 |  7- 9 | 10-12 || total
-------------------------+-------+-------+-------+-------++-------
Melee: Dagger            |    49 |       |    19 |   332 ||   400
       Bite              |    10 |    12 |    34 |    28 ||    84
       Short sword       |   105 |   128 |       |       ||   233
       Falchion          |     2 |       |       |       ||     2
       Rapier            |       |    41 |   324 |       ||   365
 Cast: Tukima's Dance    |       |     5 |    10 |    20 ||    35
       Confuse           |       |     7 |    30 |    11 ||    48
 Abil: End Transformatio |       |       |       |     1 ||     1
       Bat Form          |       |       |       |     1 ||     1
  Use: Scroll            |     2 |       |     4 |       ||     6
       Potion            |     2 |       |       |     3 ||     5
 Stab: Sleeping          |     6 |    12 |    18 |    14 ||    50
       Confused          |       |     4 |    18 |     5 ||    27
       Distracted        |       |       |       |     5 ||     5
  Eat: Corpse            |     6 |     9 |    19 |    17 ||    51
Armor: Leather armour    |    48 |    42 |    53 |    31 ||   174
Dodge: Dodged            |   122 |    91 |   143 |    87 ||   443
